 Dungeon Crawl Stone Soup version 0.29-a0-973-gac7da5f7f0 (webtiles) character file.

Game seed: 12175900010940100344

91 mathmaestro the Grave Robber (level 4, 16/33 HPs)
             Began as a Demonspawn Necromancer on July 31, 2022.
             Quit the game on level 5 of the Dungeon.
             The game lasted 00:03:38 (2683 turns).

mathmaestro the Grave Robber (DsNe)                 Turns: 2683, Time: 00:03:39

Health: 16/33      AC:  2    Str:  9    XL:     4   Next: 34%
Magic:  9/17       EV: 12    Int: 18    God:
Gold:   117        SH:  0    Dex: 13    Spells: 2/8 levels left

rFire   . . .      SeeInvis .   c - +0 dagger
rCold   . . .      Faith    .   (no shield)
rNeg    . . .      Spirit   .   a - +0 robe
rPois   .          Reflect  .   (no helmet)
rElec   .          Harm     .   (no cloak)
rCorr   .          Rampage  .   (no gloves)
Will    .....                   (no boots)
Stlth   ++........              (no amulet)
HPRegen 0.11/turn               n - ring of magical power
MPRegen 0.15/turn               p - ring of flight

@: flying
A: demonic guardian 1, demonic touch 1
a: no special abilities


You were on level 5 of the Dungeon.
You visited 1 branch of the dungeon, and saw 4 of its levels.

You collected 117 gold pieces.

Inventory:

Hand Weapons
 c - a +0 dagger (weapon)
 m - a +0 hand axe
 q - a +2 dagger of distortion
Armour
 a - a +0 robe (worn)
Jewellery
 f - a ring of fire
 n - a ring of magical power (left hand)
 p - a ring of flight (right hand)
Scrolls
 d - a scroll of magic mapping {unknown}
 g - a scroll of blinking {unknown}
 i - a scroll of identify {unknown}
 j - a scroll of enchant armour {unknown}
Potions
 b - 2 potions of magic
 e - 3 potions of curing {unknown}
 h - a potion of berserk rage {unknown}
 k - a potion of cancellation {unknown}
 l - a potion of lignification {unknown}
 o - a potion of ambrosia {unknown}


   Skills:
 + Level 2.0 Fighting
 - Level 2.0 Dodging
 - Level 2.0 Stealth
 + Level 2.9 Spellcasting
 + Level 5.1 Necromancy


You had 2 spell levels left.
You knew the following spells:

 Your Spells              Type           Power      Damage    Failure   Level
a - Necrotise             Necr           84%        1d8       1%          1
b - Vampiric Draining     Necr           21%        2d7       6%          3
c - Sublimation of Blood  Necr           21%        N/A       3%          2

Your spell library contained the following spells:

 Spells                   Type           Power      Damage    Failure   Level
 Animate Dead             Necr           21%        N/A       21%         4
 Agony                    Necr           21%        N/A       50%         5
 Petrify                  Tmut/Erth      2%         N/A       86%         4
 Irradiate                Conj/Tmut      1%         3d12      99%         5


Dungeon Overview and Level Annotations

Branches:
Dungeon (3/15)

Altars:


Innate Abilities, Weirdness & Mutations

A weak demonic guardian rushes to your aid.
Your touch may inflict minor irresistible damage on your foes.


Message History

Confirm with . or Enter, or press ? or * to list all spells.
Aiming: Necrotise (safe; 2% risk of failure)
Press: ? - help, Shift-Dir - straight line, f/p - iguana
Aim: an iguana (heavily wounded, chance to affect: 84%)
The iguana barely resists.
Casting: Necrotise (safe; 2% risk of failure)
Confirm with . or Enter, or press ? or * to list all spells.
Aiming: Necrotise (safe; 2% risk of failure)
Press: ? - help, Shift-Dir - straight line, f/p - iguana
Aim: an iguana (heavily wounded, chance to affect: 84%)
The iguana writhes in agony.
The iguana misses you.
Casting: Necrotise (safe; 2% risk of failure)
Confirm with . or Enter, or press ? or * to list all spells.
Aiming: Necrotise (safe; 2% risk of failure)
Press: ? - help, Shift-Dir - straight line, f/p - iguana
Aim: an iguana (severely wounded, chance to affect: 84%)
The iguana writhes in agony.
The iguana misses you.
Casting: Necrotise (safe; 2% risk of failure)
Confirm with . or Enter, or press ? or * to list all spells.
Aiming: Necrotise (safe; 2% risk of failure)
Press: ? - help, Shift-Dir - straight line, f/p - iguana
Aim: an iguana (almost dead, chance to affect: 84%)
The iguana barely resists.
The iguana bites you!
Ouch! That really hurt!
Casting: Necrotise (safe; 2% risk of failure)
Confirm with . or Enter, or press ? or * to list all spells.
Aiming: Necrotise (safe; 2% risk of failure)
Press: ? - help, Shift-Dir - straight line, f/p - iguana
Aim: an iguana (almost dead, chance to affect: 84%)
The iguana writhes in agony.
You kill the iguana!
The dead are walking!
Your Fighting skill increases to level 2!
You have reached level 4!
You feel stronger.
Your demonic ancestry asserts itself...
You feel the presence of a demonic guardian.
Okay, then.
You start resting.
Your magical contamination has completely faded away.
Are you sure you want to abandon this character and quit the game? (Confirm with "yes".)

#...####.# #
#.# #.# #.#
#.# #.# #.#
####.#####.#
#...Z..@...#
#......#######
#...##..# ...
#..# .. #.## .
.. ..> ..#


You could see a friendly iguana skeleton.

Vanquished Creatures
  An iguana (D:5)
  2 adders (D:2)
  4 worms (D:2)
  2 ball pythons (D:1)
  5 bats
  4 endoplasms
  4 giant cockroaches (D:1)
  4 goblins
  2 hobgoblins
  A frilled lizard (D:1)
  3 kobolds
  3 rats (D:2)
35 creatures vanquished.

Notes
Turn   | Place    | Note
-------+----------+-------------------------------------------
     0 | D:1      | mathmaestro the Demonspawn Necromancer began the quest for
                  | the Orb.
     0 | D:1      | Reached XP level 1. HP: 13/13 MP: 3/3
   397 | D:1      | Gained mutation: Your touch may inflict minor irresistible
                  | damage on your foes. [demonic ancestry]
   397 | D:1      | Reached XP level 2. HP: 9/20 MP: 5/5
   880 | D:1      | Found a faded altar of an unknown god.
  1170 | D:1      | Reached skill level 1 in Fighting
  1335 | D:2      | Reached XP level 3. HP: 26/26 MP: 1/6
  1339 | D:2      | Learned a level 3 spell: Vampiric Draining
  1826 | D:2      | Learned a level 2 spell: Sublimation of Blood
  2642 | D:3      | Reached skill level 5 in Necromancy
  2648 | D:3      | You are sucked into a shaft and drop 2 floors!
  2648 | D:5      | Entered Level 5 of the Dungeon
  2682 | D:5      | Gained mutation: A weak demonic guardian rushes to your
                  | aid. [demonic ancestry]
  2682 | D:5      | Reached XP level 4. HP: 16/33 MP: 8/8
  2683 | D:5      | Quit the game

Illustrated notes

Levels and vault maps discovered:
D:1:      dpeg_arrival_shrine, layout_basic, basic_ecumenical_altar
D:2:      layout_basic, minmay_domino_2
D:3:      layout_basic, nicolae_qazlal_scattered_showers, serial_shops,
          nicolae_lakefront_shop
D:5:      cheibrodos_thug_alley, layout_loops_ring, kennysheep_pointless_box,
          grunt_decor_junction

Skill      XL: |  1  2  3 |
---------------+----------+-----
Stealth        | 2 |  2.0
Dodging        | 2 |  2.0
Fighting       | 1 2 |  2.0
Necromancy     | 5 |  5.1
Spellcasting   | |  2.9

Action                   |  1- 3 |  4- 6 || total
-------------------------+-------+-------++-------
Melee: Dagger            |    28 |       ||    28
       Touch             |     1 |       ||     1
 Cast: Necrotise         |    84 |       ||    84
Armor: Robe              |     9 |       ||     9
Dodge: Dodged            |    30 |       ||    30

Table legend: (Time is in decaauts)
 A = Elapsed time spent in this place.
 B = Non-inter-level travel time spent in this place.
 C = Inter-level travel time spent in this place.
 D = Time resting spent in this place.
 E = Time spent auto-exploring this place.
 F = Levels seen in this place.
 G = Mean time per level.
                   A        B        C        D        E       F      G
               +--------+--------+--------+--------+--------+-----+--------+
         Total |   2682 |   2666 |     16 |    772 |   1564 |   4 |  670.5 |
       Dungeon |   2682 |   2666 |     16 |    772 |   1564 |   4 |  670.5 |
               +--------+--------+--------+--------+--------+-----+--------+

Top non-repeatable levels by time:
     D:1: 1331 daAuts
     D:2: 1282 daAuts
     D:5: 34 daAuts
     D:3: 33 daAuts
